 Dungeon Crawl Stone Soup version 0.23.1 (webtiles) character file.

Game seed: 2385108863739810074

6655 PikkenKukken the Nimble (level 11, -14/75 HPs)
             Began as an Octopode Fighter on Mar 11, 2019.
             Was an Initiate of Gozag.
             Demolished by a large slime creature (42 damage)
             ... on level 12 of the Dungeon.
             The game lasted 00:26:59 (13238 turns).

PikkenKukken the Nimble (Octopode Fighter)         Turns: 13238, Time: 00:27:00

Health: -14/75     AC:  5    Str: 15    XL:     11   Next: 3%
Magic:  22/22      EV: 17    Int: 13    God:    Gozag
Gold:   394        SH: 15    Dex: 13    Spells: 10/10 levels left

rFire    . . .     SeeInvis .   a - +0 eveningstar (freeze)
rCold    . . .     Gourm    .   m - +1 shield
rNeg     . . .     Faith    .   (helmet restricted)
rPois    .         Spirit   .   u - +5 amulet of reflection
rElec    .         Reflect  +   A - +4 ring of protection
rCorr    .         Harm     .   C - ring of magical power
MR       .....     Clarity  +   (no ring)
Stlth    +++++.....             (no ring)
HPRegen  0.22/turn              (no ring)
MPRegen  0.18/turn              (no ring)
                                (no ring)
                                (no ring)

@: no status effects
A: almost no armour, stealthy swim, amphibious, 8 rings, constrict 8, camouflage
1, clarity, mutation resistance 1, sense surroundings 1, gelatinous body 1
a: Potion Petition, Call Merchant, Bribe Branch, Renounce Religion


You were on level 12 of the Dungeon.
You worshipped Gozag.
Gozag was aware of your devotion.
You were not hungry.

You visited 2 branches of the dungeon, and saw 12 of its levels.

You collected 1291 gold pieces.
You spent 764 gold pieces at shops.
You paid 133 gold pieces to Gozag.

Inventory:

Hand Weapons
 a - a +0 eveningstar of freezing (weapon)
 b - a +0 hunting sling
 e - a +1 morningstar
Missiles
 p - 332 stones (quivered)
 t - 36 sling bullets
Armour
 m - a +1 shield (worn)
Jewellery
 u - a +5 amulet of reflection (around mantle)
 v - an uncursed amulet of rage {unknown}
 A - a +4 ring of protection (left tentacle)
 C - a ring of magical power (right tentacle)
Wands
 w - a wand of iceblast (7)
 y - a wand of flame (30)
 z - a wand of disintegration (4)
Scrolls
 g - 3 scrolls of enchant armour
 i - 5 scrolls of remove curse
 j - 3 scrolls of fog
 k - a scroll of identify
 o - 2 scrolls of teleportation
 r - a scroll of blinking
Potions
 c - a potion of flight
 f - 2 potions of mutation
 h - a potion of haste
 l - 3 potions of curing
 n - a potion of lignification
 q - a potion of cancellation
 s - a potion of resistance
 x - a potion of ambrosia
 B - a potion of brilliance
 D - a potion of might
Comestibles
 d - 18 rations


   Skills:
 + Level 7.2 Fighting
 * Level 9.5 Maces & Flails
 * Level 9.6 Dodging
 - Level 7.5 Stealth
 - Level 5.0 Shields
 + Level 3.7 Evocations


You had 10 spell levels left.
You didn't know any spells.
Your spell library contained the following spells:

 Spells                   Type           Power        Failure   Level  Hunger
 Magic Dart               Conj           #...         75%         1    ##.....
 Blink                    Tloc           N/A          86%         2    ###....
 Call Imp                 Summ           #.......     86%         2    ###....
 Slow                     Hex            #.......     86%         2    ###....
 Conjure Flame            Conj/Fire      #.......     98%         3    ####...
 Mephitic Cloud           Conj/Pois/Air  #.......     98%         3    ####...


Dungeon Overview and Level Annotations

Branches:
Dungeon (10/15)            Temple (1/1) D:7            Lair (0/6) D:8
    Orc (0/2) D:10

Altars:
Ashenzari
Cheibriados
Dithmenos
Elyvilon
Gozag
Hepliaklqana
Kikubaaqudgha
Nemelex Xobeh
Okawaru
Sif Muna
Uskayaw
Vehumet
Xom
Yredelemnul
Zin

Shops:
D:4 (   D:10 *

Annotations:
D:5 3 runed translucent doors, Tutankhamun's ghost, amateur DsGl
D:7 1 runed translucent door, darkstardao's ghost, novice DsFi
D:8 exclusion: door
D:9 3 runed translucent doors


Innate Abilities, Weirdness & Mutations

You cannot wear most types of armour.
You are very stealthy in the water. (Stealth+)
You are amphibious.
You can wear up to eight rings at the same time.
You can use your tentacles to constrict eight enemies at once.
Your skin changes colour to match your surroundings (Stealth+).
Your rubbery body absorbs attacks. (AC +1, EV +1)
You possess an exceptional clarity of mind.
You are somewhat resistant to further mutation.
You passively map a small area around you.


Message History

The slime creature misses you.
You hit the large slime creature but do no damage.
The large slime creature is severely wounded.
You block the large slime creature's attack.
The slime creature hits you.
The large slime creature barely misses you.
You hit the large slime creature. You freeze the large slime creature.
The large slime creature is almost dead.
The slime creature hits you!!
You block the large slime creature's attack.
You sock the large slime creature! You freeze the large slime creature.
The large slime creature is almost dead.
The slime creature hits you!
You block the large slime creature's attack.
You hit the large slime creature but do no damage.
The large slime creature is almost dead.
You block the slime creature's attack. The large slime creature hits you!!!
Ouch! That really hurt!
You die...
Your body crumbles into a pile of gold.

**** *,,,,,,,,* * * ******+***
*,,* # **,* # *****###+###* #
*,,,,.......* # *,,,,......<*
#########
*,,,,......J#########.......'
*****,,,,......J@.........#######
,,,,*,,<,.......########### #
***,+,,,,..$....* #
***,,,,.......* # *****#######*


You could see a large slime creature and a slime creature.

Vanquished Creatures
  2 two-headed ogres
  A manticore (D:12)
  A hippogriff (D:7)
  4 yaks
  A wyvern (D:10)
  Grum (D:7)
  A warg (D:8)
  Menkaure (D:7)
  An ice beast (D:10)
  3 orc warriors
  A black bear (D:7)
  2 phantoms
  A sky beast (D:7)
  2 centaurs
  2 wolves
  7 ogres
  3 big kobolds
  6 bullfrogs
  3 scorpions
  2 howler monkeys (D:7)
  A bullfrog zombie (D:7)
  2 crimson imps (D:7)
  A centaur zombie (D:7)
  5 orc priests
  2 hounds
  A jelly (D:5)
  A centaur skeleton (D:7)
  A bullfrog skeleton (D:7)
  2 iguanas (D:7)
  12 orc wizards
  6 worker ants
  2 hound zombies
  A hound skeleton (D:8)
  4 worker ant zombies
  3 gnolls
  3 adders
  4 shadow imps
  An adder zombie (D:8)
  3 adder skeletons
  4 worms
  2 leopard geckos
  49 orcs
  6 giant cockroaches
  10 goblins
  5 hobgoblins
  13 jackals
  13 kobolds
  4 quokkas
  9 bats
  4 frilled lizards
  A quokka skeleton (D:5)
  2 rats
222 creatures vanquished.

Notes
Turn   | Place    | Note
-------+----------+-------------------------------------------
     0 | D:1      | PikkenKukken the Octopode Fighter began the quest for the
                  | Orb.
     0 | D:1      | Reached XP level 1. HP: 16/16 MP: 1/1
    93 | D:1      | Reached XP level 2. HP: 13/21 MP: 2/2
  1080 | D:2      | Reached XP level 3. HP: 24/26 MP: 3/3
  1180 | D:2      | Reached skill level 1 in Stealth
  1251 | D:2      | Gained mutation: You possess an exceptional clarity of
                  | mind. [potion of mutation]
  1251 | D:2      | Gained mutation: Scrolls take you a little longer to read.
                  | [potion of mutation]
  1251 | D:2      | Gained mutation: You passively map a small area around you.
                  | [potion of mutation]
  1252 | D:2      | Lost mutation: Scrolls take you a little longer to read.
                  | [potion of mutation]
  1252 | D:2      | Gained mutation: You are somewhat resistant to further
                  | mutation. [potion of mutation]
  1850 | D:2      | Reached XP level 4. HP: 24/31 MP: 4/4
  2155 | D:3      | Found a glowing silver altar of Zin.
  2162 | D:3      | Found a snail-covered altar of Cheibriados.
  2162 | D:3      | Found a sparkling altar of Nemelex Xobeh.
  2165 | D:3      | Found an ancient bone altar of Kikubaaqudgha.
  3340 | D:4      | Reached XP level 5. HP: 36/36 MP: 5/5
  3468 | D:4      | Found Muanlik's Weapon Emporium.
  3512 | D:4      | Noticed a phantom
  3584 | D:4      | Killed a phantom
  3665 | D:4      | Reached XP level 6. HP: 33/43 MP: 6/6
  4294 | D:5      | Entered Level 5 of the Dungeon
  5073 | D:5      | Reached XP level 7. HP: 23/48 MP: 7/7
  5635 | D:4      | HP: 2/48 [poisoned by an orc wizard]
  5643 | D:4      | HP: 1/48 [poisoned by an orc wizard]
  5649 | D:4      | HP: 1/48 [poisoned by an orc wizard]
  5983 | D:5      | Found a runed translucent gate.
  5983 | D:5      | Found a runed translucent gate.
  5983 | D:5      | Found a runed translucent gate.
  5984 | D:5      | Noticed Tutankhamun's ghost (amateur DsGl)
  6741 | D:6      | Reached skill level 5 in Dodging
  7127 | D:6      | Reached skill level 5 in Maces & Flails
  7228 | D:7      | Reached XP level 8. HP: 41/54 MP: 8/8
  7302 | D:7      | Noticed a two-headed ogre
  7343 | D:6      | Killed a two-headed ogre
  7343 | D:6      | Reached skill level 5 in Fighting
  7343 | D:6      | Reached skill level 5 in Stealth
  7386 | D:7      | Reached skill level 5 in Shields
  7414 | D:7      | Noticed Menkaure
  7522 | D:7      | Noticed a hippogriff
  7530 | D:7      | Killed a hippogriff
  7530 | D:7      | Reached XP level 9. HP: 25/61 MP: 9/9
  8007 | D:7      | Found a runed translucent door.
  8007 | D:7      | Found a shimmering altar of Xom.
  8007 | D:7      | Noticed darkstardao's ghost (novice DsFi)
  8008 | D:7      | Noticed a +3 mace of chaos
  8026 | D:7      | Found a staircase to the Ecumenical Temple.
  8032 | Temple   | Entered the Ecumenical Temple
  8137 | Temple   | Became a worshipper of Gozag Ym Sagoz the Greedy
  8448 | D:7      | Killed Menkaure
  8859 | D:8      | Noticed Grum
  8890 | D:7      | Killed Grum
  9243 | D:8      | Reached XP level 10. HP: 55/68 MP: 10/10
  9500 | D:8      | Reached skill level 1 in Evocations
  9984 | D:8      | Found a staircase to the Lair.
 10044 | D:8      | Found a deep blue altar of Sif Muna.
 10479 | D:9      | Noticed a two-headed ogre
 10610 | D:9      | Killed a two-headed ogre
 10891 | D:9      | Found a runed translucent gate.
 10891 | D:9      | Noticed a brown ugly thing
 10892 | D:9      | Found a runed translucent gate.
 11212 | D:9      | Found a shadowy altar of Dithmenos.
 11213 | D:9      | Found a white marble altar of Elyvilon.
 11343 | D:9      | Noticed a white ugly thing
 11343 | D:9      | Noticed a red ugly thing
 11344 | D:9      | Noticed a glowing orange brain
 11345 | D:9      | Found a runed translucent gate.
 11345 | D:9      | Noticed a green ugly thing
 11518 | D:10     | Entered Level 10 of the Dungeon
 12093 | D:10     | Found an opulent altar of Gozag.
 12499 | D:10     | Found Evept's Assorted Antiques.
 12507 | D:10     | Bought a glowing eveningstar for 576 gold pieces
 12507 | D:10     | Bought a bone ring for 160 gold pieces
 12507 | D:10     | Bought a smoky puce potion for 28 gold pieces
 13188 | D:10     | You fall through a shaft for 2 floors!
 13189 | D:12     | Noticed a manticore
 13191 | D:12     | Killed a manticore
 13191 | D:12     | Reached XP level 11. HP: 75/75 MP: 13/13
 13238 | D:12     | Demolished by a large slime creature

Skill      XL: |  1  2  3  4  5  6  7  8  9 10 |
---------------+-------------------------------+-----
Stealth        | 1 2 3 4 6 7 |  7.5
Maces & Flails | 3 4 5 6 8 9 |  9.5
Dodging        | 4 5 6 8 9 |  9.6
Fighting       | 4 5 6 7 |  7.2
Shields        | 4 5 |  5.0
Evocations     | 3 |  3.7

Action                   |  1- 3 |  4- 6 |  7- 9 | 10-12 || total
-------------------------+-------+-------+-------+-------++-------
Melee: Flail             |    69 |   119 |    24 |       ||   212
       Constrict         |    20 |    25 |    40 |    36 ||   121
       Tentacles         |    16 |    25 |    45 |    47 ||   133
       Morningstar       |       |       |   182 |   211 ||   393
       Eveningstar       |       |       |       |    31 ||    31
 Fire: Hunting sling     |    14 |    12 |     2 |       ||    28
Throw: Stone             |     2 |       |       |     8 ||    10
  Use: Scroll            |     6 |     6 |       |     9 ||    21
       Potion            |     2 |     3 |     7 |       ||    12
 Stab: Sleeping          |     6 |    11 |    10 |     7 ||    34
       Distracted        |       |       |       |     1 ||     1
  Eat: Chunk             |     2 |    11 |    10 |       ||    23
       Ration            |       |       |     1 |     4 ||     5
Armor: Skin              |     9 |     4 |    24 |    14 ||    51
Dodge: Dodged            |    24 |    34 |    73 |    88 ||   219
Block: Shield            |    32 |    75 |   161 |   162 ||   430
       Reflection        |       |     5 |     7 |    10 ||    22
